 Dungeon Crawl Stone Soup version 0.30-a0-862-g1aabd4f9c5 (webtiles) character file.

Game seed: 1528673232833249135

98 Sabo the Sneak (level 4, 0/34 HPs)
             Began as a Gnoll Wanderer on Mar 9, 2023.
             Killed by nerve-wracking pain
             ... invoked by Grinder
              (11 damage)
             ... on level 3 of the Dungeon.
             The game lasted 00:20:17 (4137 turns).

Sabo the Sneak (Gnoll Wanderer)                     Turns: 4137, Time: 00:20:18

Health: 0/34       AC:  8    Str: 11    XL:     4   Next: 69%
Magic:  5/8        EV: 12    Int: 13    God:
Gold:   151        SH:  0    Dex: 12    Spells: 6/9 levels left

rFire   . . .      SeeInvis +    a - +2 falchion
rCold   . . .      Faith    .    (no shield)
rNeg    . . .      Spirit   .    d - +0 leather armour
rPois   .          Reflect  .    m - +0 helmet
rElec   .          Rampage  .    (no cloak)
rCorr   .                        b - +0 pair of gloves
Will    .....                    f - +2 pair of boots
Stlth   +++                      (no amulet)
HPRegen 0.25/turn                s - ring of see invisible
MPRegen 0.11/turn                (no ring)

@: no status effects
A: fangs 1, strong nose, distributed training
a: no special abilities


You were on level 3 of the Dungeon.
You visited 1 branch of the dungeon, and saw 3 of its levels.

You collected 151 gold pieces.

Inventory:

Hand Weapons
 a - a +2 falchion (weapon)
 q - a +2 dagger of freezing
Missiles
 v - 5 poisoned darts (quivered)
Armour
 b - a +0 pair of gloves (worn)
 d - a +0 leather armour (worn)
 f - a +2 pair of boots (worn)
 m - a +0 helmet (worn)
Jewellery
 r - an amulet of faith
 s - a ring of see invisible (left hand)
Wands
 o - a wand of flame (9)
Scrolls
 e - a scroll of poison
 h - 2 scrolls of enchant armour {unknown}
 k - 2 scrolls of teleportation
 l - a scroll of amnesia {unknown}
 t - 2 scrolls of blinking {unknown}
 u - a scroll of magic mapping {unknown}
Potions
 c - 3 potions of haste
 g - a potion of magic {unknown}
 i - a potion of cancellation {unknown}
 j - 3 potions of curing {unknown}
 n - a potion of invisibility {unknown}
 p - a potion of flight {unknown}


   Skills:
 + Level 2.8 Fighting
 + Level 1.2 Short Blades
 + Level 4.7 Long Blades
 + Level 1.2 Axes
 + Level 1.2 Maces & Flails
 + Level 1.2 Polearms
 + Level 1.2 Staves
 + Level 1.2 Ranged Weapons
 + Level 1.2 Throwing
 + Level 1.2 Armour
 + Level 2.8 Dodging
 + Level 6.1 Stealth
 + Level 1.2 Shields
 + Level 1.2 Unarmed Combat
 + Level 3.0 Spellcasting
 + Level 1.0 Conjurations
 + Level 1.0 Hexes
 + Level 1.0 Summonings
 + Level 1.0 Necromancy
 + Level 1.0 Translocations
 + Level 1.0 Transmutations
 + Level 1.0 Fire Magic
 + Level 1.0 Ice Magic
 + Level 1.0 Air Magic
 + Level 2.3 Earth Magic
 + Level 1.0 Poison Magic
 + Level 1.4 Invocations
 + Level 2.8 Evocations


You had 6 spell levels left.
You knew the following spells:

 Your Spells              Type           Power      Damage    Failure   Level
a - Sandblast             Erth           16%        2d6       12%         1
b - Blink                 Tloc           8%         N/A       30%         2

Your spell library contained the following spells:

 Spells                   Type           Power      Damage    Failure   Level
 Magic Dart               Conj           16%        1d3       21%         1
 Passwall                 Tmut/Erth      5%         N/A       22%         2
 Call Imp                 Summ           4%         N/A       30%         2
 Lesser Beckoning         Tloc           8%         N/A       30%         2
 Momentum Strike          Conj/Tloc      8%         3d8       30%         2
 Scorch                   Fire           8%         2d5       30%         2
 Stone Arrow              Conj/Erth      12%        3d7       41%         3
 Mephitic Cloud           Conj/Pois/Air  4%         N/A       52%         3
 Flame Wave               Conj/Fire      4%         2d5       89%         4
 Summon Cactus Giant      Summ           2%         N/A       100%        6


Dungeon Overview and Level Annotations

Branches:
Dungeon (3/15)

Altars:

Shops:
D:3 (

Annotations:
D:3 3 runed translucent doors, Grinder; cforsyth's ghost, weakling DEEE


Innate Abilities, Weirdness & Mutations

You have very sharp teeth.
Your uncanny sense of smell can sniff out nearby items.
Your experience applies equally to all skills.


Message History

You now have 151 gold pieces (gained 8).
Things that are here:
a +0 dagger; 6 poisoned darts; a goblin corpse
v - 6 poisoned darts Cforsyth's ghost's fingertips begin to glow.
Grinder comes into view.
Grinder shouts!
Casting: Sandblast (safe; 12% risk of failure)
Confirm with . or Enter, or press ? or * to list all spells.
Aiming: Sandblast (safe; 12% risk of failure)
Press: ? - help, Shift-Dir - straight line, f - Grinder
Aim: Grinder (78% to hit)
The blast of sand misses Grinder.
Grinder gestures at you.
You suddenly lose the ability to move!
Grinder hits you but does no damage.
You can move again.
Unknown command.
Casting: Sandblast (safe; 12% risk of failure)
Confirm with . or Enter, or press ? or * to list all spells.
Aiming: Sandblast (safe; 12% risk of failure)
Press: ? - help, Shift-Dir - straight line, f/p - Grinder
Aim: Grinder (78% to hit)
The blast of sand misses Grinder.
Grinder hits you.
You writhe in agony.
Throw: 6 darts (poison)
Press: ? - help, Q - select action, (/) - cycle Shift-Dir - straight line, f/p - Grinder
Aim: Grinder (53% to hit)
You throw a poisoned dart. The poisoned dart hits Grinder.
Grinder is poisoned.
Grinder hits you.
You writhe in agony.
Casting: Sandblast (safe; 12% risk of failure)
Confirm with . or Enter, or press ? or * to list all spells.
Aiming: Sandblast (safe; 12% risk of failure)
Press: ? - help, Shift-Dir - straight line, f/p - Grinder
Aim: Grinder (poisoned, 78% to hit)
The blast of sand hits Grinder.
Grinder is lightly wounded.
Grinder hits you.
You writhe in agony.
Grinder gestures at you. Pain shoots through your body!
You die...

...##....# #..#.#.##......#
......##.####..#.#.##......#
(..............#.#.##......#
...##..#...................#
# #..##..........##......#
#..##.###.##.####......#
#..##.# #.##.# ########
#..##.# #.##.# ###..##.#
#.##@# #.......# #.##5#
#.#.#.### ... #.....# .....
#.#.### .......
#####.#######........
............#........#
#####.#####.#........#
#.........#.#


You could see Grinder (poisoned).

Vanquished Creatures
  3 adders
  2 worms (D:2)
  An orc (D:3)
  9 ball pythons
  4 bats
  10 endoplasms
  2 giant cockroaches
  6 goblins
  2 hobgoblins
  2 jackals (D:3)
  2 quokkas
  5 frilled lizards
  7 kobolds
  4 rats
59 creatures vanquished.

Notes
Turn   | Place    | Note
-------+----------+-------------------------------------------
     0 | D:1      | Sabo the Gnoll Wanderer began the quest for the Orb.
     0 | D:1      | Sabo set off with the following items: a +2 falchion, a +0
                  | pair of gloves, a potion of haste, a +0 leather armour; and
                  | the following spell memorised: Sandblast; and the following
                  | spells available to memorise: Stone Arrow.
     0 | D:1      | Reached XP level 1. HP: 17/17 MP: 4/4
   307 | D:1      | Reached XP level 2. HP: 23/23 MP: 1/5
  1541 | D:2      | Reached XP level 3. HP: 28/28 MP: 2/7
  1726 | D:2      | Reached skill level 6 in Stealth
  1831 | D:2      | Reached skill level 1 in Invocations
  1998 | D:2      | Reached skill level 1 in Short Blades
  1998 | D:2      | Reached skill level 1 in Axes
  1998 | D:2      | Reached skill level 1 in Maces & Flails
  1998 | D:2      | Reached skill level 1 in Polearms
  1998 | D:2      | Reached skill level 1 in Staves
  1998 | D:2      | Reached skill level 1 in Ranged Weapons
  1998 | D:2      | Reached skill level 1 in Throwing
  1998 | D:2      | Reached skill level 1 in Armour
  1998 | D:2      | Reached skill level 1 in Shields
  1998 | D:2      | Reached skill level 1 in Unarmed Combat
  2255 | D:2      | Reached XP level 4. HP: 34/34 MP: 3/8
  3327 | D:2      | Learned a level 2 spell: Blink
  3585 | D:3      | Reached skill level 1 in Conjurations
  3585 | D:3      | Reached skill level 1 in Hexes
  3585 | D:3      | Reached skill level 1 in Summonings
  3585 | D:3      | Reached skill level 1 in Necromancy
  3585 | D:3      | Reached skill level 1 in Translocations
  3585 | D:3      | Reached skill level 1 in Transmutations
  3585 | D:3      | Reached skill level 1 in Fire Magic
  3585 | D:3      | Reached skill level 1 in Ice Magic
  3585 | D:3      | Reached skill level 1 in Air Magic
  3585 | D:3      | Reached skill level 1 in Poison Magic
  4001 | D:3      | Found Kienor's Weapon Boutique.
  4051 | D:3      | Found a runed translucent gate.
  4051 | D:3      | Identified the +3 leather armour "Xehez" {*Corrode rC+
                  | Will+ Str+3}
  4062 | D:3      | Found a runed translucent gate.
  4062 | D:3      | Noticed cforsyth's ghost (weakling DEEE)
  4063 | D:3      | Found a runed translucent gate.
  4130 | D:3      | Noticed Grinder
  4133 | D:3      | Paralysed by Grinder for 2 turns
  4137 | D:3      | Killed from afar by Grinder

Illustrated notes

Levels and vault maps discovered:
D:1:      heliophobic_arrival_dark_side_of_the_moon, layout_basic, st_stairs_14
D:2:      minmay_recursive_quarters, layout_loops_corners, serial_glass,
          glass_columns_a, glass_columns_b, hangedman_decor_push,
          kennysheep_cluttered_room
D:3:      layout_basic, basic_ecumenical_altar, serial_shops, shop,
          biasface_ghost_orc_armoury, uniq_grinder

Skill      XL: |  1  2  3  4 |
---------------+-------------+-----
Earth Magic    | 2 |  2.3
Stealth        | 6 |  6.1
Invocations    | 1 |  1.4
Short Blades   | 1 |  1.2
Axes           | 1 |  1.2
Maces & Flails | 1 |  1.2
Polearms       | 1 |  1.2
Staves         | 1 |  1.2
Ranged Weapons | 1 |  1.2
Throwing       | 1 |  1.2
Armour         | 1 |  1.2
Shields        | 1 |  1.2
Unarmed Combat | 1 |  1.2
Spellcasting   | 3 |  3.0
Conjurations   | 1 |  1.0
Hexes          | 1 |  1.0
Summonings     | 1 |  1.0
Necromancy     | 1 |  1.0
Translocations | 1 |  1.0
Transmutations | 1 |  1.0
Fire Magic     | 1 |  1.0
Ice Magic      | 1 |  1.0
Air Magic      | 1 |  1.0
Poison Magic   | 1 |  1.0
Fighting       | |  2.8
Long Blades    | |  4.7
Dodging        | |  2.8
Evocations     | |  2.8

Action                     |  1- 3 |  4- 6 || total
---------------------------+-------+-------++-------
  Melee: Falchion          |    22 |    22 ||    44
         Bite              |     3 |     1 ||     4
  Throw: Dart              |       |     1 ||     1
   Cast: Sandblast         |    45 |    27 ||    72
    Use: Scroll            |     1 |     2 ||     3
   Stab: Sleeping          |     1 |       ||     1
 Armour: Leather armour    |    15 |    15 ||    30
  Dodge: Dodged            |    21 |    12 ||    33

Table legend: (Time is in decaauts)
 A = Elapsed time spent in this place.
 B = Non-inter-level travel time spent in this place.
 C = Inter-level travel time spent in this place.
 D = Time resting spent in this place.
 E = Time spent auto-exploring this place.
 F = Levels seen in this place.
 G = Mean time per level.
                   A        B        C        D        E       F      G
               +--------+--------+--------+--------+--------+-----+--------+
         Total |   4174 |   4174 |      0 |   1066 |      0 |   3 | 1391.3 |
       Dungeon |   4174 |   4174 |      0 |   1066 |      0 |   3 | 1391.3 |
               +--------+--------+--------+--------+--------+-----+--------+

Top non-repeatable levels by time:
     D:2: 1965 daAuts
     D:1: 1390 daAuts
     D:3: 817 daAuts
